Map: Oxide LE

Players

Reynor - Winner!

  • Race: Zerg Zerg
  • League: Master
  • Spawn Location: 7:00

Neeblet (Neeb)

  • Race: Protoss Protoss
  • League: Grandmaster
  • Spawn Location: 1:00

Event: ASUS ROG Online 2020

VOD

Have the link to the VOD?

Description

Time

  • Played on: Nov. 27, 2020, 4:50 p.m.
  • Length: 6:37

All games in this series

Show
View Real Time Build Order
Export as new Build Order

Reynor Zerg - Winner!

Build Orders: Hatch First 

Get SALT Encoding   

  12  0:00  Drone  
  13  0:12  Overlord  
  13  0:16  Drone  
  14  0:30  Drone x2  
  16  0:44  Drone  
  17  0:53  Drone  
  17  0:54  Hatchery  
  17  0:59  Drone  
  18  1:07  Extractor  
  17  1:14  Spawning Pool  
  17  1:16  Drone  
  17  1:19  Drone  
  18  1:28  Drone  
  19  1:38  Drone  
  20  2:01  Zergling x4  
  20  2:06  Spine Crawler  
  20  2:07  Zergling x2, Queen  
  25  2:15  Spine Crawler  
  25  2:16  Zergling x4  
  25  2:21  Metabolic Boost  
  25  2:22  Queen  
  26  2:28  Overlord  
  29  2:48  Zergling x4  
  29  2:49  Drone x3  
  29  2:50  Queen  
  35  2:59  Drone  
  35  3:00  Overlord  
  36  3:09  Drone  
  34  3:20  Zergling x4  
  34  3:25  Drone  
  37  3:28  Drone  
  37  3:30  Drone  
  35  3:35  Drone x3  
  38  3:49  Drone  
  38  3:50  Hatchery  
  38  3:51  Drone  
  38  3:53  Drone  
  40  3:57  Overlord  
  40  4:00  Drone  
  41  4:03  Drone  
  41  4:04  Drone  
  41  4:09  Spore Crawler, Drone  
  43  4:16  Drone x4  
  47  4:19  Extractor  
  46  4:24  Roach Warren  
  46  4:25  Drone  
  46  4:27  Zergling x4  
  48  4:32  Drone  
  48  4:37  Overlord x2  
  49  4:39  Zergling x2  
  49  4:40  Zergling x2  
  51  4:49  Spore Crawler  
  50  4:58  Queen  
  52  5:05  Roach x6  
  64  5:13  Overlord  
  63  5:15  Roach  
  65  5:22  Overlord  
  64  5:29  Overlord  
  64  5:35  Zergling x2  
  64  5:36  Zergling x14  
  64  5:38  Ravager x2  
  64  5:40  Queen  
  64  5:41  Zergling x2  
  64  5:42  Zergling x4  
  77  5:46  Queen  
  77  5:49  Ravager x2  
  80  5:50  Zergling x4  
  80  5:52  Zergling x2  
  80  5:55  Overlord  
  84  5:57  Ravager  
  84  5:58  Zergling x2  
  84  5:59  Zergling x2  
  84  6:02  Zergling x2  
  84  6:03  Zergling x2  
  88  6:08  Zergling x4  
  87  6:12  Overlord  
  87  6:14  Zergling x4  
  87  6:18  Zergling x6  
  86  6:20  Zergling x2  
Show
View Real Time Build Order
Export as new Build Order

Neeblet Protoss 

Build Orders: 1 Gate Expand 

Get SALT Encoding   

  12  0:00  Probe  
  13  0:12  Probe  
  14  0:19  Pylon  
  14  0:24  Probe  
  15  0:37  Gateway  
  15  0:40  Probe (Chrono Boost)  
  16  0:49  Probe (Chrono Boost)  
  17  0:53  Assimilator  
  17  0:54  Probe (Chrono Boost)  
  18  1:22  Zealot (Chrono Boost)  
  18  1:24  Cybernetics Core  
  20  1:31  Nexus  
  20  1:39  Pylon  
  20  1:45  Zealot  
  22  1:51  Assimilator  
  22  2:02  Shield Battery  
  22  2:03  Shield Battery  
  22  2:06  Probe (Chrono Boost)  
  23  2:13  Assimilator  
  23  2:18  Probe (Chrono Boost)  
  24  2:24  Probe (Chrono Boost)  
  25  2:32  Probe  
  25  2:35  Adept (Chrono Boost)  
  28  2:44  Probe x2  
  30  2:56  Pylon, Probe x2  
  30  2:57  Adept (Chrono Boost)  
  34  3:08  Probe x2  
  34  3:20  Probe x2  
  34  3:21  Stargate  
  35  3:32  Probe (Chrono Boost)  
  35  3:37  Probe (Chrono Boost)  
  35  3:40  Warp Gate  
  35  3:42  Adept  
  35  3:43  Probe (Chrono Boost)  
  35  3:47  Probe (Chrono Boost)  
  37  3:49  Probe (Chrono Boost)  
  38  3:57  Probe (Chrono Boost)  
  38  3:58  Void Ray (Chrono Boost)  
  40  4:02  Pylon  
  40  4:03  Probe x2 (Chrono Boost)  
  45  4:11  Probe  
  46  4:20  Probe  
  46  4:23  Probe  
  48  4:27  Nexus  
  48  4:29  Pylon  
  48  4:33  Probe  
  48  4:34  Oracle  
  48  4:35  Probe  
  53  4:41  Assimilator  
  53  4:43  Assimilator  
  53  4:45  Probe  
  54  4:47  Probe  
  54  4:50  Robotics Facility  
  55  4:56  Shield Battery  
  55  4:57  Probe  
  55  4:59  Probe (Chrono Boost)  
  57  5:01  Pylon  
  57  5:11  Probe (Chrono Boost)  
  59  5:14  Probe (Chrono Boost)  
  59  5:18  Gateway  
  59  5:19  Gateway, Probe (Chrono Boost)  
  61  5:22  Pylon, Probe (Chrono Boost)  
  61  5:25  Gateway  
  61  5:28  Sentry  
  62  5:33  Gateway  
  59  5:37  Immortal (Chrono Boost)  
  59  5:39  Gateway  
  59  5:42  Probe  
  62  5:48  Probe x2  
  64  5:56  Shield Battery, Probe  
  65  5:57  Shield Battery  
  65  5:59  Shield Battery  
  65  6:09  Stalker  
Tags
 
Add a new tag
Caveats
  • Supply blocks, unpowered buildings, or Contaminate may cause inaccurate times.
  • Supply counts are checked every 10 seconds.